 Dungeon Crawl Stone Soup version 0.28.0 (webtiles) character file.

Game seed: 3040042748073942747

1407 reversiblehash the Protected (level 8, 0/74 HPs)
             Began as a Minotaur Fighter on Feb 19, 2022.
             Slain by a gnoll (9 damage)
             ... on level 7 of the Dungeon.
             The game lasted 00:09:53 (6976 turns).

reversiblehash the Protected (Minotaur Fighter)     Turns: 6976, Time: 00:09:53

Health: 0/74       AC:  8    Str: 23    XL:     8   Next: 42%
Magic:  7/7        EV:  9    Int:  5    God:
Gold:   270        SH:  4    Dex:  8    Spells: 7/7 levels left

rFire   . . .      SeeInvis .   a - +0 war axe
rCold   . . .      Faith    .   c - +0 buckler
rNeg    + . .      Spirit   .   b - +0 scale mail
rPois   .          Reflect  .   (helmet unavailable)
rElec   .          Harm     .   (no cloak)
rCorr   +          Rampage  .   (no gloves)
Will    .....                   (no boots)
Stlth   ..........              (no amulet)
HPRegen 0.22/turn               n - ring of resist corrosion
MPRegen 0.10/turn               s - ring of positive energy

@: no status effects
A: horns 3, retaliatory headbutt, clumsy 1, mutation resistance 1
a: no special abilities


You were on level 7 of the Dungeon.
You visited 2 branches of the dungeon, and saw 8 of its levels.
You also visited: Ossuary.

You collected 377 gold pieces.
You spent 107 gold pieces at shops.

Inventory:

Hand Weapons
 a - a +0 war axe (weapon)
Missiles
 z - 2 poisoned darts (quivered)
Armour
 b - a +0 scale mail (worn)
 c - a +0 buckler (worn)
Jewellery
 n - a ring of resist corrosion (left hand)
 s - a ring of positive energy (right hand)
Wands
 q - a wand of flame (21)
 r - a wand of iceblast (6)
 y - a wand of paralysis (5)
Scrolls
 d - 2 scrolls of vulnerability
 e - 3 scrolls of amnesia
 f - a scroll of magic mapping
 h - a scroll of immolation
 l - a scroll of enchant weapon
 p - 3 scrolls of blinking
 u - 4 scrolls of enchant armour
 v - 2 scrolls of teleportation
 w - a scroll of fear
 x - a scroll of torment
 B - a scroll of silence
 C - 2 scrolls of fog {unknown}
 D - a scroll of brand weapon
Potions
 i - a potion of mutation
 j - 2 potions of flight {unknown}
 m - a potion of attraction {unknown}
 o - a potion of lignification {unknown}
 t - 2 potions of degeneration {unknown}
 A - a potion of brilliance {unknown}
 E - a potion of haste {unknown}


   Skills:
 * Level 7.8 Fighting
 - Level 2.4 Axes
 * Level 10.3 Armour
 + Level 5.2 Shields


You had 7 spell levels left.
You didn't know any spells.
Your spell library contained the following spells:

 Spells                   Type           Power      Damage    Failure   Level
 Dazzling Flash           Conj/Hex       0%         N/A       99%         3
 Gell's Gravitas          Tloc           0%         N/A       99%         3
 Teleport Other           Tloc           0%         N/A       99%         3
 Tukima's Dance           Hex            0%         N/A       99%         3
 Anguish                  Hex/Necr       0%         N/A       100%        4
 Agony                    Necr           0%         N/A       100%        5
 Silence                  Hex/Air        0%         N/A       100%        5
 Dispersal                Tloc           0%         N/A       100%        6
 Enfeeble                 Hex            0%         N/A       100%        7


Dungeon Overview and Level Annotations

Branches:
Dungeon (7/15)             Temple (1/1) D:4         Ossuary (visited)

Altars:
Ashenzari
Cheibriados
Dithmenos
Elyvilon
Fedhas
Gozag
Hepliaklqana
Kikubaaqudgha
Nemelex Xobeh
Okawaru
Ru
Sif Muna
Trog
Uskayaw
Vehumet
Wu Jian
Xom
Yredelemnul
Zin
The Shining One

Shops:
D:6 *

Annotations:
D:7 Joseph


Innate Abilities, Weirdness & Mutations

You have a pair of large horns on your head.
You reflexively headbutt those who attack you in melee.
You are clumsy. (Dex -2)
You are somewhat resistant to further mutation.


Message History

You climb downwards.
Level annotation: Joseph Joseph shoots a sling bullet.
The sling bullet barely misses you.
There is a stone staircase leading up, spattered with blood here.
Joseph shoots a sling bullet.
You block the sling bullet.
A gnoll comes into view. It is wielding a +0 club.
Joseph shoots a sling bullet.
The sling bullet hits you!
You see here 10 stones.
The gnoll closely misses you.
You see here 10 stones.
The gnoll hits you from afar with a +0 halberd.
Joseph shoots a sling bullet.
The sling bullet hits you! You block the gnoll's attack.
The gnoll hits you from afar with a +0 halberd!
You block the gnoll's attack.
The gnoll hits you from afar with a +0 halberd.
Joseph shoots a sling bullet.
The sling bullet barely misses you.
You slash the gnoll!
You kill the gnoll!
You block the gnoll's attack. The gnoll barely misses you.
The gnoll misses you.
Joseph unwields a +0 hunting sling.
Joseph wields a +0 quarterstaff.
Joseph hits you with a +0 quarterstaff!
* * * LOW HITPOINT WARNING * * *
You hit Joseph but do no damage.
The gnoll hits you from afar with a +0 halberd.
* * * LOW HITPOINT WARNING * * *
You block the gnoll's attack. Joseph hits you with a +0 quarterstaff!
* * * LOW HITPOINT WARNING * * *
A gnoll comes into view. It is wielding a +0 spear.
The gnoll hits you but does no damage.
Okay, then.
As you read the scroll of summoning, it crumbles to dust.
Wisps of shadow whirl around you...
The gnoll shouts!
You hear a shout! x4
You block the gnoll's attack.
A necrophage comes into view.
Joseph barely misses you. You furiously retaliate!
You headbutt Joseph. The gnoll completely misses your gnoll.
The gnoll hits you from afar with a +0 halberd!
You die...

### ### .
#..####.## ..
#.....h@.## ...
##..(F.@g.# ....
##..g..g.##
./...
##.#...gg#.)h...
###.g>ggg......
##.........(#
#...........#
#.....n.....##
......#........#


You could see Joseph (ally target), a necrophage, 3 gnolls, a friendly bullfrog
(summoned), a friendly gnoll shaman (summoned), a friendly hound (summoned) and
5 friendly gnolls.

Vanquished Creatures
  2 ice beasts
  2 black bears
  3 ogres
  2 phantoms
  A scorpion (D:6)
  A wyvern skeleton (D:6)
  A centaur zombie (D:6)
  2 gnoll shamans (D:6)
  2 bullfrog skeletons (D:6)
  2 orc priests (D:3)
  2 jellies
  Jessica (D:3)
  2 mummies (Ossuary)
  6 gnolls
  A howler monkey skeleton (D:4)
  8 adders
  An ufetubus (D:5)
  An adder skeleton (D:5)
  A worm (D:2)
  2 dart slugs
  6 orcs
  9 endoplasms
  A giant cockroach (D:1)
  11 goblins
  11 hobgoblins
  8 jackals
  A quokka (D:1)
  7 ball pythons
  4 bats
  2 frilled lizards
  3 kobolds
  4 rats
110 creatures vanquished.

Vanquished Creatures (others)
  7 fungi (D:1)
  2 toadstools (D:1)
  2 withered plants (Ossuary)
11 creatures vanquished.

Grand Total: 121 creatures vanquished

Notes
Turn   | Place    | Note
-------+----------+-------------------------------------------
     0 | D:1      | reversiblehash the Minotaur Fighter began the quest for the
                  | Orb.
     0 | D:1      | Reached XP level 1. HP: 19/19 MP: 0/0
   105 | D:1      | Reached XP level 2. HP: 26/27 MP: 1/1
   115 | D:1      | Found a faded altar of an unknown god.
   195 | D:1      | Reached skill level 4 in Armour
   810 | D:2      | Reached XP level 3. HP: 32/34 MP: 2/2
  1401 | D:2      | Reached XP level 4. HP: 38/41 MP: 3/3
  1773 | D:3      | Found a radiant altar of Vehumet.
  1848 | D:3      | Reached skill level 5 in Fighting
  1848 | D:3      | Reached skill level 5 in Armour
  1885 | D:3      | Noticed Jessica
  1887 | D:3      | Killed Jessica
  1896 | D:3      | Reached XP level 5. HP: 33/48 MP: 4/4
  2953 | D:4      | Noticed a black bear
  2961 | D:4      | Killed a black bear
  2962 | D:4      | Reached skill level 6 in Armour
  2962 | D:4      | Reached XP level 6. HP: 46/57 MP: 5/5
  3644 | D:4      | Found a staircase to the Ecumenical Temple.
  3739 | Temple   | Entered the Ecumenical Temple
  3814 | D:4      | Found a broken altar of Ashenzari.
  3935 | D:4      | Found an opulent altar of Gozag.
  3938 | D:4      | Found a basalt altar of Yredelemnul.
  4118 | D:4      | Found a shadowy altar of Dithmenos.
  4124 | D:5      | Entered Level 5 of the Dungeon
  4159 | D:5      | Noticed an ice beast
  4165 | D:5      | Killed an ice beast
  4166 | D:5      | Reached skill level 7 in Armour
  4405 | D:5      | Reached XP level 7. HP: 29/64 MP: 6/6
  4606 | D:5      | Found a sand-covered staircase.
  4617 | Ossuary  | Entered an ossuary
  4633 | Ossuary  | Gained mutation: You are clumsy. (Dex -2) [potion of
                  | mutation]
  4633 | Ossuary  | Gained mutation: You have a pair of large horns on your
                  | head. [potion of mutation]
  4633 | Ossuary  | Gained mutation: You are somewhat resistant to further
                  | mutation. [potion of mutation]
  4633 | Ossuary  | HP: 2/64 [mummy (5)]
  5118 | D:5      | Reached skill level 8 in Armour
  5443 | D:6      | HP: 3/66 [poisoned by a scorpion]
  5815 | D:6      | Reached skill level 9 in Armour
  5815 | D:6      | Reached skill level 5 in Shields
  5815 | D:6      | Reached XP level 8. HP: 73/73 MP: 7/7
  6280 | D:6      | Reached skill level 10 in Armour
  6523 | D:6      | Found Ruod Day's Assorted Antiques.
  6531 | D:6      | Bought a scroll labelled PINAFO GEDWI for 22 gold pieces
  6531 | D:6      | Bought a scroll labelled RUS EGUACHOO for 22 gold pieces
  6531 | D:6      | Bought a scroll labelled PINAFO GEDWI for 22 gold pieces
  6531 | D:6      | Bought a scroll labelled MAINEE KISUFF for 22 gold pieces
  6531 | D:6      | Bought a fuming blue potion for 19 gold pieces
  6617 | D:7      | Noticed Joseph
  6976 | D:7      | Slain by a gnoll

Illustrated notes

Levels and vault maps discovered:
D:1:      matt_arrival_diagonals, layout_basic,
          hellmonk_ecumenical_altar_blasted, st_stairs_12,
          minmay_gold_behind_fungi
D:2:      layout_basic
D:3:      layout_loops_corners, vehumet_altar_wand_db, minivault_5,
          minmay_close_crescents, uniq_jessica
D:4:      layout_basic, nicolae_overflow_hidden_temple,
          minmay_temple_entry_sparse_star, minmay_goblin_outpost
D:5:      layout_rooms, nicolae_ossuary_entry_monument
D:6:      layout_cave_pools, serial_shops, nicolae_shop_crystal
D:7:      layout_cave_pools, uniq_joseph
Temple:   eino_wide_crystal_templ

Skill      XL: |  1  2  3  4  5  6  7  8 |
---------------+-------------------------+-----
Fighting       | 4 5 6 7 |  7.8
Armour         | 4 5 6 7 9 10 | 10.3
Shields        | 4 5 |  5.2
Axes           | |  2.4

Action                   |  1- 3 |  4- 6 |  7- 9 || total
-------------------------+-------+-------+-------++-------
Melee: War axe           |    93 |    88 |    82 ||   263
       Headbutt          |     8 |    16 |    12 ||    36
  Use: Potion            |       |     1 |     1 ||     2
       Scroll            |       |       |    13 ||    13
Armor: Scale mail        |    41 |    42 |    59 ||   142
Dodge: Dodged            |    49 |    59 |    72 ||   180
Block: Buckler           |    23 |    14 |    42 ||    79
